 Dungeon Crawl Stone Soup version 0.29-a0-845-g6161e89988 (webtiles) character file.

Game seed: 418068801501858181

401 yokelz the Stinger (level 6, -1/32 HPs)
             Began as a Tengu Venom Mage on July 16, 2022.
             Slain by Crazy Yiuf
             ... wielding a +3 quarterstaff of chaos
              (9 damage)
             ... on level 4 of the Dungeon.
             The game lasted 00:11:59 (5835 turns).

yokelz the Stinger (Tengu Venom Mage)               Turns: 5835, Time: 00:11:59

Health: -1/32      AC:  4    Str:  8    XL:     6   Next: 85%
Magic:  13/13      EV: 23    Int: 17    God:
Gold:   229        SH:  0    Dex: 15    Spells: 9/13 levels left

rFire   . . .      SeeInvis .   k - +0 falchion
rCold   . . .      Faith    .   (no shield)
rNeg    . . .      Spirit   .   j - +0 leather armour
rPois   .          Reflect  .   (helmet restricted)
rElec   .          Harm     .   (no cloak)
rCorr   .          Rampage  .   o - +0 pair of gloves
Will    .....                   (boots unavailable)
Stlth   ++........              (no amulet)
HPRegen 0.10/turn               i - +4 ring of evasion
MPRegen 0.13/turn               (no ring)

@: agile, flying quickly and evasively, quick
A: beak, talons 3, nimble flight
a: no special abilities


You were on level 4 of the Dungeon.
You visited 1 branch of the dungeon, and saw 4 of its levels.

You collected 229 gold pieces.

Inventory:

Hand Weapons
 d - a +0 dagger
 k - a +0 falchion (weapon)
Missiles
 e - 2 boomerangs of dispersal
Armour
 a - a +0 robe
 j - a +0 leather armour (worn)
 o - a +0 pair of gloves (worn)
Jewellery
 i - a +4 ring of evasion (left hand)
 m - a +6 ring of intelligence
Wands
 p - a wand of charming (2)
Scrolls
 f - 5 scrolls of identify
 g - a scroll of enchant armour {unknown}
 l - a scroll of fog {unknown}
 q - a scroll of poison {unknown}
Potions
 b - a potion of magic
 c - a potion of invisibility
 h - 2 potions of heal wounds
 n - 2 potions of berserk rage


   Skills:
 - Level 2.1 Dodging
 - Level 2.0 Stealth
 + Level 4.4 Spellcasting
 - Level 0.7 Transmutations
 * Level 2.9 Air Magic
 + Level 5.4 Poison Magic


You had 9 spell levels left.
You knew the following spells:

 Your Spells              Type           Power      Damage    Failure   Level
a - Sting                 Tmut/Pois      56%        1d5       6%          1
b - Mephitic Cloud        Conj/Pois/Air  13%        N/A       22%         3

Your spell library contained the following spells:

 Spells                   Type           Power      Damage    Failure   Level
 Poisonous Vapours        Pois/Air       34%        N/A       6%          2
 Apportation              Tloc           6%         N/A       22%         1
 Necrotise                Necr           12%        1d4       22%         1
 Summon Small Mammal      Summ           12%        N/A       22%         1
 Olgreb's Toxic Radiance  Pois           22%        N/A       24%         4
 Ignite Poison            Fire/Tmut/Pois 10%        N/A       28%         3
 Dazzling Flash           Conj/Hex       6%         N/A       54%         3
 Silence                  Hex/Air        4%         N/A       98%         5
 Agony                    Necr           3%         N/A       99%         5
 Freezing Cloud           Conj/Ice/Air   3%         6-21      99%         5


Dungeon Overview and Level Annotations

Branches:
Dungeon (4/15)
 Temple: D:4-7

Altars:
Ashenzari

Annotations:
D:4 Crazy Yiuf


Innate Abilities, Weirdness & Mutations

You have a beak for a mouth.
You have claws for feet.
Your magical nature lets you fly swiftly and evasively.


Message History

You don't know that spell.
Could not explore, unopened runed door.
Casting: Sting (safe; 6% risk of failure)
Confirm with . or Enter, or press ? or * to list all spells.
You don't know that spell.
Unknown command.
Unknown command.
Casting: Sting (safe; 6% risk of failure)
Confirm with . or Enter, or press ? or * to list all spells.
Okay, then.
You reach down and open the door.
Casting: Sting (safe; 6% risk of failure)
Confirm with . or Enter, or press ? or * to list all spells.
Okay, then.
You slash Crazy Yiuf! You claw Crazy Yiuf.
Crazy Yiuf is heavily wounded.
Crazy Yiuf completely misses you. x2
You hit Crazy Yiuf. Your kick misses Crazy Yiuf.
Crazy Yiuf is heavily wounded.
Crazy Yiuf closely misses you.
You closely miss Crazy Yiuf. Your kick misses Crazy Yiuf.
Your peck misses Crazy Yiuf.
Crazy Yiuf is heavily wounded.
Crazy Yiuf closely misses you.
You hit Crazy Yiuf. You claw Crazy Yiuf.
Crazy Yiuf is heavily wounded.
Crazy Yiuf hits you with a +3 quarterstaff of chaos!
You feel agile all of a sudden. Crazy Yiuf completely misses you.
You closely miss Crazy Yiuf. You peck Crazy Yiuf.
Crazy Yiuf is severely wounded.
Crazy Yiuf drinks a potion.
Crazy Yiuf is healed!
You barely miss Crazy Yiuf.
Crazy Yiuf hits you with a +3 quarterstaff of chaos!
Space warps around you.
* * * LOW HITPOINT WARNING * * *
You closely miss Crazy Yiuf. Your kick misses Crazy Yiuf.
Your peck misses Crazy Yiuf.
Crazy Yiuf hits you with a +3 quarterstaff of chaos!
You die...

#.......#
#.#..........
#..######
###...).###..
####
####.#.####.
#####
#....#......
#)..#
#....#......
#...#
#....#......
...
#...........
#g#
#...........
♣@♣♣
#........[..
♣♣.♣
#....#######
♣.♣♣ #....#
♣♣.♣ #.####
♣♣.♣♣ #.#
♣♣PP.♣ #.#
♣..P.♣ #.#
#....# #.#
#....###.#


You could see Crazy Yiuf.

Vanquished Creatures
  Edmund (D:4)
  A necrophage (D:4)
  A howler monkey (D:4)
  An orc priest (D:4)
  An iguana (D:4)
  5 adders
  3 river rats
  An ufetubus (D:4)
  A worm (D:2)
  A dart slug (D:2)
  8 orcs
  7 ball pythons
  5 endoplasms
  3 giant cockroaches
  A hobgoblin (D:1)
  9 kobolds
  3 quokkas
  A bat (D:3)
  7 frilled lizards
  3 goblins
  10 rats
73 creatures vanquished.

Notes
Turn   | Place    | Note
-------+----------+-------------------------------------------
     0 | D:1      | yokelz the Tengu Venom Mage began the quest for the Orb.
     0 | D:1      | Reached XP level 1. HP: 10/10 MP: 4/4
   608 | D:1      | Reached XP level 2. HP: 15/15 MP: 3/6
  1195 | D:1      | You fall into a shaft and drop 1 floor!
  1441 | D:2      | Reached XP level 3. HP: 19/19 MP: 5/7
  1970 | D:2      | Found a faded altar of an unknown god.
  2147 | D:3      | Learned a level 3 spell: Mephitic Cloud
  2303 | D:3      | Reached skill level 4 in Poison Magic
  2471 | D:3      | Reached XP level 4. HP: 11/24 MP: 7/9
  3789 | D:3      | Reached skill level 1 in Air Magic
  3789 | D:3      | Gained mutation: Your magical nature lets you fly swiftly
                  | and evasively. [Tengu growth]
  3789 | D:3      | Reached XP level 5. HP: 28/28 MP: 6/10
  4111 | D:4      | Found a broken altar of Ashenzari.
  4841 | D:4      | Noticed Edmund
  4928 | D:4      | Reached skill level 5 in Poison Magic
  4928 | D:4      | Reached XP level 6. HP: 3/32 MP: 9/12
  5542 | D:4      | Killed Edmund
  5677 | D:4      | Found a runed translucent door.
  5678 | D:4      | Noticed Crazy Yiuf
  5835 | D:4      | Slain by Crazy Yiuf

Illustrated notes

Levels and vault maps discovered:
D:1:      dpeg_arrival_solitude, layout_basic
D:2:      layout_loops_cross, shapermc_ecumenical_altar_mp_highgroup,
          chequers_serial_rivers_large_b, minmay_stone_trees_medium
D:3:      layout_loops_corners, portal_sewer_entry_b, minmay_pentomino_pile
D:4:      layout_basic, mainiacjoe_overflow_tiny_flanked, uniq_edmund,
          uniq_crazy_yiuf_cottage

Skill      XL: |  1  2  3  4  5  6 |
---------------+-------------------+-----
Poison Magic   | 4 5 |  5.4
Spellcasting   | 3 4 |  4.4
Air Magic      | 1 2 |  2.9
Dodging        | |  2.1
Stealth        | |  2.0
Transmutations | |  0.7

Action                   |  1- 3 |  4- 6 || total
-------------------------+-------+-------++-------
Melee: Unarmed           |    12 |       ||    12
       Dagger            |    19 |       ||    19
       Kick              |     9 |    27 ||    36
       Falchion          |    18 |    97 ||   115
       Peck              |     3 |    18 ||    21
 Cast: Sting             |    38 |    37 ||    75
       Mephitic Cloud    |       |     2 ||     2
  Use: Scroll            |     7 |     1 ||     8
 Stab: Sleeping          |     2 |       ||     2
       Confused          |       |     1 ||     1
Armor: Robe              |     1 |       ||     1
       Leather armour    |     4 |    18 ||    22
Dodge: Dodged            |    16 |   119 ||   135

Table legend: (Time is in decaauts)
 A = Elapsed time spent in this place.
 B = Non-inter-level travel time spent in this place.
 C = Inter-level travel time spent in this place.
 D = Time resting spent in this place.
 E = Time spent auto-exploring this place.
 F = Levels seen in this place.
 G = Mean time per level.
                   A        B        C        D        E       F      G
               +--------+--------+--------+--------+--------+-----+--------+
         Total |   5804 |   5714 |     90 |   2027 |   2818 |   4 | 1451.0 |
       Dungeon |   5804 |   5714 |     90 |   2027 |   2818 |   4 | 1451.0 |
               +--------+--------+--------+--------+--------+-----+--------+

Top non-repeatable levels by time:
     D:3: 2024 daAuts
     D:2: 1416 daAuts
     D:1: 1194 daAuts
     D:4: 1169 daAuts
